 Dungeon Crawl Stone Soup version 0.25-a0-67-g7dccc1bee0 (webtiles) character file.

Game seed: 5929655081949487665, levelgen mode: deterministic

3845 Gargoyl the Ducker (level 9, -4/78 HPs)
             Began as a Red Draconian Abyssal Knight on Nov 2, 2019.
             Was an Elder of Lugonu.
             Slain by Gastronok (28 damage)
             ... on level 1 of the Lair of Beasts.
             The game lasted 00:14:19 (10377 turns).

Gargoyl the Ducker (Red Draconian Abyssal Knight)  Turns: 10377, Time: 00:14:19

Health: -4/78      AC: 10    Str: 16    XL:     9   Next: 98%
Magic:  14/14      EV: 16    Int: 13    God:    Lugonu [****..]
Gold:   457        SH:  0    Dex: 12    Spells: 8/8 levels left

rFire    + . .     SeeInvis .   y - +2 hand axe (elec)
rCold    . . .     Gourm    .   (no shield)
rNeg     . . .     Faith    .   (armour unavailable)
rPois    .         Spirit   .   (helmet restricted)
rElec    .         Reflect  .   w - scarf {repulsion}
rCorr    .         Harm     .   (no gloves)
MR       .....                  (no boots)
Stlth    +++.......             (no amulet)
HPRegen  0.23/turn              o - ring of stealth
MPRegen  0.14/turn              x - +3 ring of protection

@: short of breath, repel missiles
A: breathe fire, unfitting armour, big wings, agile 1, fire resistance 1, weak
1, cold-blooded, MP-powered wands, AC +7
a: Breathe Fire, Fly, Depart the Abyss, Bend Space, Banish, Corrupt, Renounce
Religion


You were on level 1 of the Lair of Beasts.
You worshipped Lugonu.
Lugonu was greatly pleased with you.
You were not hungry.

You visited 2 branches of the dungeon, and saw 9 of its levels.
You visited the Abyss 1 time.

You collected 457 gold pieces.

Inventory:

Hand Weapons
 a - a +1 hand axe
 y - a +2 hand axe of electrocution (weapon)
Missiles
 s - 8 boomerangs (quivered)
Armour
 w - a scarf of repulsion (worn)
Jewellery
 o - a ring of stealth (left hand)
 x - a +3 ring of protection (right hand)
 D - a cursed -2 ring of evasion {unknown}
Wands
 h - a wand of clouds (5)
 m - a wand of iceblast (8)
 r - a wand of acid (8)
 u - a wand of enslavement (5)
 F - a wand of flame (21)
 G - a wand of scattershot (5)
Scrolls
 d - 3 scrolls of teleportation
 g - 2 scrolls of fear
 k - 2 scrolls of enchant armour
 l - 3 scrolls of remove curse
 p - a scroll of identify
 z - 3 scrolls of blinking
Potions
 c - a potion of lignification
 e - a potion of cancellation
 f - 2 potions of mutation
 i - 2 potions of heal wounds
 j - 2 potions of brilliance {unknown}
 n - a potion of ambrosia {unknown}
 q - a potion of magic {unknown}
 t - 2 potions of flight {unknown}
 v - 2 potions of resistance {unknown}
 B - a potion of degeneration {unknown}
 E - a potion of curing {unknown}
Comestibles
 b - 14 rations


   Skills:
 + Level 6.8 Fighting
 + Level 6.9 Axes
   Level 4.3 Staves
 + Level 1.3 Throwing
 * Level 7.3 Dodging
 + Level 3.2 Stealth
 * Level 7.0 Invocations


You had 8 spell levels left.
You didn't know any spells.
Your spell library contained the following spells:

 Spells                   Type           Power        Failure   Level  Hunger
 Animate Skeleton         Necr           N/A          30%         1    ##.....
 Corona                   Hex            #......      30%         1    ##.....
 Flame Tongue             Conj/Fire      #....        30%         1    ##.....
 Pain                     Necr           #...         30%         1    ##.....
 Ensorcelled Hibernation  Hex/Ice        #.....       43%         2    ###....
 Throw Flame              Conj/Fire      #.....       43%         2    ###....
 Confuse                  Hex            #.......     67%         3    ####...
 Conjure Flame            Conj/Fire      #.......     67%         3    ####...
 Dazzling Spray           Conj/Hex       #.....       67%         3    ####...
 Inner Flame              Hex/Fire       #.......     67%         3    ####...
 Regeneration             Chrm/Necr      #.........   67%         3    ####...
 Tukima's Dance           Hex            #.......     67%         3    ####...
 Vampiric Draining        Necr           #.........   67%         3    ####...
 Animate Dead             Necr           N/A          97%         4    #####..
 Sticky Flame             Conj/Fire      #.......     97%         4    #####..
 Fireball                 Conj/Fire      #.........   100%        5    ######.


Dungeon Overview and Level Annotations

Branches:
Dungeon (8/15)             Temple (0/1) D:6            Lair (1/6) D:8

Altars:
Cheibriados
Fedhas
Gozag
Hepliaklqana
Nemelex Xobeh
Okawaru
Qazlal
Wu Jian
Xom
The Shining One

Shops:
D:6 :   D:7 }

Annotations:
Lair:1 Gastronok


Innate Abilities, Weirdness & Mutations

You can breathe blasts of fire.
Your fiery red scales are hard. (AC +7)
You cannot fit into any form of body armour.
Your flesh is heat resistant. (rF+)
You are cold-blooded and may be slowed by cold attacks.
Your large and strong wings let you fly indefinitely.
You are agile. (Dex +2)
You are weak. (Str -2)
You expend magic power (3 MP) to strengthen your wands.


Message History

Gastronok is moderately wounded.
You hit Gastronok.
Gastronok is moderately wounded.
Gastronok bites you!
You slash Gastronok! You tail-slap Gastronok.
Gastronok is heavily wounded.
You hit Gastronok. Lightning courses through Gastronok!
Gastronok is heavily wounded.
Gastronok bites you!!
You slash Gastronok!
Gastronok is severely wounded.
You slash Gastronok! Lightning courses through Gastronok!
Gastronok is severely wounded.
Gastronok barely misses you.
You hit Gastronok. Lightning courses through Gastronok!
Gastronok is almost dead.
You hit Gastronok. Lightning courses through Gastronok!
Gastronok is almost dead.
Gastronok bites you!!
You die...

.. #..............
.........##.#.#.##..#...
......................###
..........................
..........................
..........................
..........................
.........w##P#.##........
........@..####..#...###P
####.....##....##..#....
##...........†.......
#....PP.....#.......
#....##....##..#....
#....##....##..P....
.###....###...##..P....
........#.##.##P.......
........................


You could see Gastronok.

Vanquished Creatures
  A black mamba (D:8)
  3 hippogriffs
  A yak (D:8)
  A hungry ghost (D:7)
  A water moccasin (Lair:1)
  2 ice beasts (D:5)
  A sky beast (D:6)
  A phantom (D:4)
  An ogre (D:5)
  2 crocodiles (D:8)
  3 bullfrogs
  A gnoll sergeant (D:8)
  4 scorpions
  4 killer bees (D:8)
  5 wights (D:7)
  2 crimson imps
  A bullfrog zombie (D:5)
  4 hounds
  5 orc priests
  A jelly (D:8)
  2 bullfrog skeletons (D:5)
  5 orc wizards (D:5)
  Ijyb (D:4)
  A centaur skeleton (D:8)
  3 worker ants
  2 hound skeletons
  A howler monkey zombie (D:8)
  A worker ant zombie (D:7)
  10 gnolls
  6 adders
  2 shadow imps
  2 oozes
  An adder skeleton (D:2)
  2 adder zombies (D:8)
  5 worms
  A dart slug (D:2)
  6 leopard geckos
  13 orcs
  5 giant cockroaches
  3 goblins
  4 hobgoblins
  13 jackals
  2 quokkas
  A ball python (D:4)
  10 bats
  3 frilled lizards (D:1)
  A goblin skeleton (D:4)
  2 goblin zombies (D:4)
  5 hobgoblin zombies (D:4)
  A jackal zombie (D:5)
  3 kobolds
  2 kobold skeletons (D:4)
  A kobold zombie (D:4)
  3 rats
167 creatures vanquished.

Vanquished Creatures (collateral kills)
  A centaur (D:7)
  An iguana (D:7)
2 creatures vanquished.

Vanquished Creatures (others)
  A komodo dragon (Lair:1)
  A fungus (Lair:1)
2 creatures vanquished.

Grand Total: 171 creatures vanquished

Notes
Turn   | Place    | Note
-------+----------+-------------------------------------------
     0 | Abyss:1  | Gargoyl the Draconian Abyssal Knight began the quest for
                  | the Orb.
     0 | Abyss:1  | Reached XP level 1. HP: 19/19 MP: 2/2
    89 | Abyss:1  | Noticed a large abomination
    89 | Abyss:1  | Noticed a small abomination
    97 | Abyss:1  | Noticed a lich
    99 | D:1      | Escaped the Abyss
   152 | D:1      | Reached * piety under Lugonu
   468 | D:1      | Reached XP level 2. HP: 26/26 MP: 3/3
  1237 | D:2      | HP: 1/26 [worm (3)]
  1289 | D:2      | Reached XP level 3. HP: 25/33 MP: 4/4
  1679 | D:2      | Reached XP level 4. HP: 40/40 MP: 5/5
  1951 | D:2      | Found a stormy altar of Qazlal.
  2156 | D:2      | Found a shimmering altar of Xom.
  2232 | D:3      | Reached ** piety under Lugonu
  2325 | D:3      | Reached XP level 5. HP: 39/46 MP: 7/7
  2658 | D:3      | Found an iron altar of Okawaru.
  3674 | D:4      | Noticed Ijyb
  3693 | D:4      | Killed Ijyb
  3842 | D:4      | Reached XP level 6. HP: 46/53 MP: 8/8
  4084 | D:4      | Reached skill level 1 in Staves
  4269 | D:4      | Found a glowing golden altar of the Shining One.
  4304 | D:4      | Reached skill level 1 in Throwing
  4658 | D:5      | Entered Level 5 of the Dungeon
  4694 | D:5      | Your scales start taking on a fiery red colour.
  4694 | D:5      | Reached XP level 7. HP: 59/60 MP: 9/9
  4694 | D:5      | Gained mutation: Your flesh is heat resistant. (rF+) [Red
                  | Draconian growth]
  4706 | D:5      | Reached skill level 1 in Stealth
  4909 | D:5      | Reached *** piety under Lugonu
  5179 | D:5      | Found a sparkling altar of Nemelex Xobeh.
  5418 | D:5      | Found a blossoming altar of Fedhas.
  5547 | D:5      | Reached skill level 5 in Fighting
  5547 | D:5      | Reached skill level 5 in Dodging
  5679 | D:5      | Reached XP level 8. HP: 68/68 MP: 11/11
  6153 | D:5      | Found a hazy altar of Hepliaklqana.
  6159 | D:5      | Found an ornate altar of the Wu Jian Council.
  6417 | D:6      | Noticed a hippogriff
  6430 | D:6      | Killed a hippogriff
  6430 | D:6      | Reached skill level 5 in Invocations
  6687 | D:6      | Gained mutation: You are occasionally teleported next to
                  | monsters. [potion of mutation]
  6687 | D:6      | Gained mutation: Your muscles are strong. (Str +2) [potion
                  | of mutation]
  6687 | D:6      | Gained mutation: You evolve. [potion of mutation]
  6688 | D:6      | Lost mutation: Your muscles are strong. (Str +2) [potion of
                  | mutation]
  6688 | D:6      | Lost mutation: You are occasionally teleported next to
                  | monsters. [potion of mutation]
  6688 | D:6      | Lost mutation: You evolve. [potion of mutation]
  6688 | D:6      | Gained mutation: You are weak. (Str -2) [potion of
                  | mutation]
  6688 | D:6      | Gained mutation: You are agile. (Dex +2) [potion of
                  | mutation]
  6688 | D:6      | Gained mutation: Your large and strong wings let you fly
                  | indefinitely. [potion of mutation]
  6688 | D:6      | Gained mutation: You expend magic power (3 MP) to
                  | strengthen your wands. [potion of mutation]
  6691 | D:6      | Found a snail-covered altar of Cheibriados.
  6849 | D:6      | Found a shimmering altar of Xom.
  7091 | D:6      | Found a staircase to the Ecumenical Temple.
  7225 | D:6      | Found Uhiann's Book Shoppe.
  7444 | D:7      | Found an opulent altar of Gozag.
  7587 | D:7      | Noticed a hippogriff
  7594 | D:7      | Killed a hippogriff
  7594 | D:7      | Reached XP level 9. HP: 72/75 MP: 13/13
  7607 | D:7      | Found an ornate altar of the Wu Jian Council.
  7630 | D:7      | Found Nonae's Gadget Shop.
  7690 | D:7      | Reached skill level 5 in Axes
  8203 | D:8      | Found a staircase to the Lair.
  8713 | D:8      | Reached **** piety under Lugonu
  9514 | Lair:1   | Entered Level 1 of the Lair of Beasts
  9514 | Lair:1   | Noticed a black mamba
  9531 | D:8      | Killed a black mamba
  9818 | Lair:1   | Noticed a komodo dragon
 10040 | Lair:1   | Banished a komodo dragon
 10299 | Lair:1   | Noticed Gastronok
 10377 | Lair:1   | Slain by Gastronok

Levels and vault maps discovered:
D:1:      kennysheep_arrival_forest, layout_basic
D:2:      layout_basic, nicolae_qazlal_eye_of_the_storm, lemuel_round_altar,
          first_ration, corexii_corridor_pit
D:3:      layout_rooms, okawaru_ov_weapons_minmay,
          hangedman_decor_clover_reticule
D:4:      layout_rooms, nicolae_tso_besieged_by_evil, uniq_ijyb
D:5:      layout_loops_cross, fedhas_ov_isle_minmay, kennysheep_mini_moat,
          gammafunk_temple_overflow_wave, dk_rats_in_the_wall
D:6:      minmay_general_purpose_star, layout_loops_cross, cheibriados_altar_1,
          minmay_temple_entry_nine_rooms, serial_shops, kennysheep_mini,
          basic_altar, grunt_ministairs_13
D:7:      layout_loops_ring, nicolae_gozag_cash_rules_everything_around_me,
          serial_shops, shop, basic_altar
D:8:      layout_loops_ring, david_lair_generic
Lair:1:   layout_regular_city, disabler_island, serial_bayou_shore_b,
          uniq_gastronok

Skill      XL: |  1  2  3  4  5  6  7  8  9 |
---------------+----------------------------+-----
Fighting       | 4 5 6 |  6.8
Dodging        | 3 4 5 6 7 |  7.3
Axes           | 3 4 6 |  6.9
Invocations    | 3 4 5 7 |  7.0
Staves         | 2 3 4 |  4.3
Throwing       | 1 |  1.3
Stealth        | 1 2 3 |  3.2

Action                   |  1- 3 |  4- 6 |  7- 9 || total
-------------------------+-------+-------+-------++-------
Melee: Hand axe          |    79 |   132 |   238 ||   449
       Tailslap          |     9 |    28 |    60 ||    97
       Quarterstaff      |       |   127 |   164 ||   291
Throw: Boomerang         |       |    44 |     1 ||    45
Invok: Depart the Abyss  |     1 |       |       ||     1
       Banish            |       |       |     1 ||     1
 Abil: Breathe Fire      |       |       |    18 ||    18
  Use: Potion            |     2 |       |     3 ||     5
       Scroll            |     5 |     2 |    12 ||    19
 Stab: Sleeping          |       |     1 |     5 ||     6
  Eat: Chunk             |     2 |    10 |    10 ||    22
       Ration            |       |       |     4 ||     4
Armor: Skin              |    27 |    89 |   136 ||   252
Dodge: Dodged            |    70 |   213 |   290 ||   573
       Deflected         |       |       |     2 ||     2

Table legend:
 A = Non-vault XP
 B = Vault XP
 C = Vault XP percentage of total XP
 D = Non-vault monster count
 E = Vault monster count
 F = Vault count percentage of total count
                 A         B        C        D         E       F
            +---------+---------+-------+---------+---------+-------
      Total |    4740 |     754 |  13.7 |     153 |      17 |  10.0
            +---------+---------+-------+---------+---------+-------
        D:1 |      23 |       0 |   0.0 |      16 |       0 |   0.0
        D:2 |     145 |       0 |   0.0 |      21 |       0 |   0.0
        D:3 |     144 |       0 |   0.0 |      26 |       0 |   0.0
        D:4 |     292 |      97 |  24.9 |      11 |      13 |  54.2
        D:5 |    1219 |       0 |   0.0 |      32 |       0 |   0.0
        D:6 |     573 |       0 |   0.0 |      11 |       0 |   0.0
        D:7 |     913 |       0 |   0.0 |      16 |       0 |   0.0
        D:8 |    1052 |     657 |  38.4 |      17 |       4 |  19.0
     Lair:1 |     379 |       0 |   0.0 |       3 |       0 |   0.0
            +---------+---------+-------+---------+---------+-------
